 Dungeon Crawl Stone Soup version 0.31.0-11-ge490571c62 (webtiles) character file.

Game seed: 11648607323067417049

58 thirtiethelement the Trooper (level 3, -2/29 HPs)
             Began as a Demonspawn Monk on Jan 29, 2024.
             Slain by Grinder (7 damage)
             ... on level 3 of the Dungeon.
             The game lasted 00:02:28 (1725 turns).

thirtiethelement the Trooper (Demonspawn Monk)      Turns: 1725, Time: 00:02:29

Health: -2/29      AC: 10    Str: 17    XL:     3   Next: 76%
Magic:  3/3        EV:  8    Int: 10    God:
Gold:   97         SH:  0    Dex: 17    Spells: 2/2 levels left

rFire   . . .        a - +0 falchion
rCold   . . .        d - orb {light}
rNeg    . . .        m - +0 chain mail
rPois   .            (helmet restricted)
rElec   .            (no cloak)
rCorr   .            (no gloves)
SInv    .            (no boots)
Will    +....        (no amulet) Stlth
                     h - ring of willpower
HPRegen 0.24/turn    i - +6 ring of strength
MPRegen 0.08/turn

%: no passive effects
@: confused, ambrosia-drunk, glowing
A: horns 1, icy blue scales 1
a: no special abilities


You were on level 3 of the Dungeon.
You visited 1 branch of the dungeon, and saw 3 of its levels.

You collected 97 gold pieces.

Inventory:

Hand Weapons
 a - a +0 falchion (weapon)
Armour
 d - an orb of light (worn)
 m - a +0 chain mail (worn)
Jewellery
 h - a ring of willpower (left hand)
 i - a +6 ring of strength (right hand)
Scrolls
 b - 2 scrolls of enchant weapon {unknown}
 e - 4 scrolls of teleportation {unknown}
 n - a scroll of identify {unknown}
 o - a scroll of blinking {unknown}
Potions
 f - a potion of might {unknown}
 g - a potion of lignification {unknown}
 j - a potion of brilliance {unknown}
 k - a potion of haste {unknown}
 l - a potion of curing {unknown}
 p - a potion of mutation {unknown}


   Skills:
 + Level 3.6 Fighting
 + Level 3.5 Long Blades
 + Level 3.1 Dodging
 + Level 0.1 Stealth


You had 2 spell levels left.
You didn't know any spells.
Your spell library contained the following spells:

 Spells                   Type           Power      Damage    Failure   Level
 Dazzling Flash           Conj/Hex       0%         N/A       100%        3
 Ozocubu's Armour         Ice            0%         N/A       100%        3
 Volatile Blastmotes      Fire/Tloc      0%         2d10      100%        3
 Metabolic Englaciation   Hex/Ice        0%         N/A       100%        5
 Sculpt Simulacrum        Ice/Alch       0%         N/A       100%        6
 Starburst                Conj/Fire      0%         6d3       100%        6
 Maxwell's Capacitive Co  Air            0%         ∞         100%        8


Dungeon Overview and Level Annotations

Branches:
Dungeon (3/15)

Altars:
Uskayaw

Annotations:
D:3 Grinder


Innate Abilities, Weirdness & Mutations

You have a pair of small horns on your head.
You are partially covered in icy blue scales. (AC +2)


Message History

Grinder hits you.
You hit Grinder.
Grinder is moderately wounded.
Grinder hits you.
You writhe in agony.
You hit Grinder.
Grinder is moderately wounded.
Grinder barely misses you.
You hit Grinder. You headbutt Grinder.
Grinder is moderately wounded.
Grinder blinks!
You barely miss Grinder.
Grinder is moderately wounded.
Grinder hits you but does no damage.
You hit Grinder.
Grinder is heavily wounded.
Grinder hits you but does no damage.
You barely miss Grinder.
Grinder is heavily wounded.
Grinder gestures at you.
You easily resist.
Grinder hits you.
You writhe in agony.
You hit Grinder but do no damage.
Grinder is moderately wounded.
Grinder hits you!
* * * LOW HITPOINT WARNING * * *
You writhe in agony.
* * * LOW HITPOINT WARNING * * *
You barely miss Grinder.
Grinder is moderately wounded.
Grinder hits you.
* * * LOW HITPOINT WARNING * * *
You writhe in agony.
* * * LOW HITPOINT WARNING * * *
You slash Grinder!
Grinder is heavily wounded.
Grinder says, "Don't move a muscle."
Grinder barely misses you.
You are confused.
You feel invigorated. Grinder hits you!
You die...
Grinder says, "Now the real fun starts!"

###############
#<....@........
#####5####...## #.#
.# ##+#####.####...
.# #...##..........
... #...##.#.#######
#.#
#...##.#.#########.##
#...##..†...........
..
#...##....#...####.#
...


You could see Grinder.

Vanquished Creatures
  An adder (D:2)
  2 dart slugs (D:1)
  An orc (D:2)
  4 endoplasms
  3 giant cockroaches
  A goblin (D:1)
  6 hobgoblins
  A kobold (D:1)
  2 quokkas
  5 ball pythons (D:1)
  6 bats
  3 frilled lizards (D:1)
  8 rats
43 creatures vanquished.

Notes
Turn   | Place    | Note
-------+----------+-------------------------------------------
     0 | D:1      | thirtiethelement the Demonspawn Monk began the quest for
                  | the Orb.
     0 | D:1      | Reached XP level 1. HP: 18/18 MP: 1/1
   211 | D:1      | Gained mutation: You are partially covered in icy blue
                  | scales. (AC +2) [demonic ancestry]
   211 | D:1      | Reached XP level 2. HP: 14/24 MP: 2/2
   603 | D:1      | Found a faded altar of an unknown god.
   640 | D:1      | Gained mutation: You have a pair of small horns on your
                  | head. [demonic ancestry]
   640 | D:1      | Reached XP level 3. HP: 29/29 MP: 3/3
   871 | D:2      | Found a hide-covered altar of Uskayaw.
  1641 | D:3      | Noticed Grinder
  1723 | D:3      | HP: 1/29 [Grinder (1)]
  1725 | D:3      | Slain by Grinder

Illustrated notes

Levels and vault maps discovered:
D:1:      dpeg_arrival_tiny_h, layout_loops_ring,
          shapermc_ecumenical_altar_ellora, serial_bayou_pond_e,
          serial_bayou_pond_b
D:2:      layout_loops_ring, basic_altar
D:3:      cheibrodos_thug_alley, layout_basic, serial_park_tiny_2, st_stairs_5,
          uniq_terence, uniq_grinder, uniq_ijyb

Skill      XL: |  1  2 |
---------------+-------+-----
Long Blades    | 3 |  3.5
Dodging        | 3 |  3.1
Fighting       | |  3.6
Stealth        | |  0.1

Action                     || total
---------------------------++-------
  Melee: Falchion          ||   128
         Headbutt          ||    12
    Use: Potion            ||     1
 Armour: Robe              ||    38
         Chain mail        ||    42
  Dodge: Dodged            ||    87
